 Dungeon Crawl Stone Soup version 0.28.0-47-ge53b351184 (webtiles) character file.

Game seed: 17825209303422023055

4064 hawla the Destroyer (level 10, -18/42 HPs)
             Began as a Felid Earth Elementalist on May 10, 2022.
             Was a Believer of Vehumet.
             Demolished by a boulder beetle (50 damage)
             ... on level 11 of the Dungeon.
             The game lasted 00:56:11 (19629 turns).

hawla the Destroyer (Felid Earth Elementalist)     Turns: 19629, Time: 00:56:12

Health: -18/42     AC:  2    Str:  4    XL:     10   Next: 5%
Magic:  10/20      EV: 18    Int: 20    God:    Vehumet [**....]
Gold:   843        SH:  0    Dex: 18    Spells: 3/21 levels left
                                        Lives:  0   Deaths: 3

rFire   + . .      SeeInvis +   (weapon unavailable)
rCold   . . .      Faith    .   (shield unavailable)
rNeg    . . .      Spirit   .   (armour unavailable)
rPois   .          Reflect  .   (helmet unavailable)
rElec   .          Harm     .   (cloak unavailable)
rCorr   .          Rampage  .   (gloves unavailable)
Will    +....                   (boots unavailable)
Stlth   +++.......              (no amulet)
HPRegen 0.14/turn               e - ring of protection from fire
MPRegen 0.17/turn               k - ring of wizardry

@: very slightly contaminated, hasted, very quick
A: very small, claws 1, fangs 3, see invisible, speed 1, shaggy fur 2, stealthy
paws, no weapons or thrown items, no armour, multi-lived
a: Renounce Religion


You were on level 11 of the Dungeon.
You worshipped Vehumet.
Vehumet was pleased with you.
You visited 2 branches of the dungeon, and saw 12 of its levels.
You also visited: Ossuary.

You collected 843 gold pieces.

Inventory:

Missiles
 f - 260 stones
Jewellery
 b - a ring of flight
 e - a ring of protection from fire (left paw)
 k - a ring of wizardry (right paw)
 n - a +6 ring of intelligence
 r - an amulet of magic regeneration
 t - a ring of resist corrosion
 w - an amulet of the acrobat
Wands
 q - a wand of polymorph (3)
 v - a wand of charming (4)
Scrolls
 g - a scroll of identify
 m - a scroll of fog
Potions
 a - 2 potions of might
 c - a potion of attraction
 d - a potion of curing
 h - a potion of haste
 i - a potion of invisibility
 j - 3 potions of flight
 l - 3 potions of mutation
 o - 3 potions of heal wounds
 p - 2 potions of brilliance


   Skills:
 + Level 4.1 Fighting
 + Level 3.7 Dodging
 - Level 4.2 Stealth
 + Level 0.4 Unarmed Combat
 - Level 6.1 Spellcasting
 * Level 10.0 Conjurations
 + Level 2.3 Necromancy
 + Level 1.1 Transmutations
 + Level 6.0 Fire Magic
 * Level 8.1 Earth Magic


You had 3 spell levels left.
You knew the following spells:

 Your Spells              Type           Power      Damage    Failure   Level
a - Sandblast             Erth           76%        2d16      1%          1
b - Stone Arrow           Conj/Erth      84%        3d12      1%          3
c - Fireball              Conj/Fire      19%        3d9       4%          5
d - Vampiric Draining     Necr           15%        2d7       4%          3
e - Iron Shot             Conj/Erth      21%        9d5       16%         6

Your spell library contained the following spells:

 Spells                   Type           Power      Damage    Failure   Level
 Static Discharge         Conj/Air       26%        N/A       1%          2
 Animate Skeleton         Necr           30%        N/A       1%          1
 Passwall                 Tmut/Erth      20%        N/A       1%          2
 Conjure Flame            Conj/Fire      38%        6-21      1%          3
 Apportation              Tloc           12%        N/A       4%          1
 Freeze                   Ice            24%        1d5       4%          1
 Slow                     Hex            24%        N/A       4%          1
 Summon Small Mammal      Summ           24%        N/A       4%          1
 Ignite Poison            Fire/Tmut/Pois 15%        N/A       4%          3
 Call Canine Familiar     Summ           6%         N/A       12%         3
 Confusing Touch          Hex            6%         N/A       12%         3
 Frozen Ramparts          Ice            12%        1d3       12%         3
 Summon Guardian Golem    Hex/Summ       6%         N/A       12%         3
 Sticky Flame             Conj/Fire      38%        2d6       1%          4
 Hailstorm                Conj/Ice       26%        3d7       5%          4
 Petrify                  Tmut/Erth      24%        N/A       6%          4
 Leda's Liquefaction      Hex/Erth       11%        N/A       8%          4
 Starburst                Conj/Fire      19%        6d7       22%         6
 Orb of Destruction       Conj           23%        9d8       45%         7
 Blade Hands              Tmut           5%         N/A       56%         5
 Alistair's Intoxication  Tmut/Pois      5%         N/A       63%         5
 Spellforged Servitor     Conj/Summ      13%        N/A       98%         7
 Ignition                 Fire           15%        3d6       100%        8
 Portal Projectile        Hex/Tloc       Unusable   N/A       N/A         3
 Animate Armour           Summ/Erth      Unusable   N/A       N/A         4

Dungeon Overview and Level Annotations

Branches:
Dungeon (11/15)            Temple (1/1) D:7            Lair (0/6) D:8
Ossuary (visited)
    Orc: D:9-12

Altars:
Ashenzari
Cheibriados
Dithmenos
Elyvilon
Fedhas
Gozag
Hepliaklqana
Kikubaaqudgha
Makhleb
Nemelex Xobeh
Okawaru
Qazlal
Ru
Sif Muna
Trog
Uskayaw
Vehumet
Wu Jian
Xom
Yredelemnul
Zin
The Shining One

Annotations:
D:8 1 runed translucent door, MortyMaxwell's ghost, journeyman DjVM
D:9 Joseph


Innate Abilities, Weirdness & Mutations

You have sharp claws.
You have razor-sharp teeth.
You have supernaturally acute eyesight. (SInv)
You cover ground quickly. (Speed+)
You are covered in thick fur. (AC +2)
Your paws help you pounce on unaware monsters.
You are incapable of wielding weapons or throwing items.
You cannot wear armour.
You gain extra lives every three experience levels.


Message History

Autopickup disabled for scrolls of brand weapon.
You drop 2 scrolls of brand weapon.
Found a club.
Found a stone staircase leading up.
You now have 843 gold pieces (gained 8).
A boulder beetle comes into view.
Casting: Stone Arrow (safe; 1% risk of failure)
Confirm with . or Enter, or press ? or * to list all spells.
You can't see any susceptible monsters within range! (Use Z to cast anyway.)
A boulder beetle is nearby!
Casting: Stone Arrow (safe; 1% risk of failure)
Confirm with . or Enter, or press ? or * to list all spells.
You can't see any susceptible monsters within range! (Use Z to cast anyway.)
A boulder beetle is nearby!
Unknown command.
Casting: Stone Arrow (safe; 1% risk of failure)
Confirm with . or Enter, or press ? or * to list all spells.
The spell is extremely dangerous to miscast (16% risk of failure)!
Continue anyway?
Aiming: Iron Shot (extremely dangerous; 16% risk of failure)
Press: ? - help, Shift-Dir - straight line, f - boulder beetle
Aim: a boulder beetle (asleep, 100% to hit)
The iron shot hits the boulder beetle!!
The boulder beetle is moderately wounded.
Unknown command.
Casting: Iron Shot (extremely dangerous; 16% risk of failure)
Confirm with . or Enter, or press ? or * to list all spells.
The spell is extremely dangerous to miscast (16% risk of failure)!
Continue anyway?
Aiming: Iron Shot (extremely dangerous; 16% risk of failure)
Press: ? - help, Shift-Dir - straight line, f/p - boulder beetle
Aim: a boulder beetle (moderately wounded, 100% to hit)
You miscast Iron Shot.
You are very lightly contaminated with residual magic.
You are blasted with sand.
Unknown command.
Okay, then.
You feel yourself speed up.
The boulder beetle curls into a ball and begins rolling!
The boulder beetle hits you!!!
Ouch! That really hurt!
You die...

#.#.# #.#.#.#.# #°#.#######
###.###.#.#.#.# #..........
......#.#.#.#.# ###.#######
#######.#..<#.# #.#
#.#.###.# #°#
#######.#.....# #°#
........####### #○#
#########################.#
................@B○°°°°...#
#########################.#
###


You could see a boulder beetle (rolling).

Vanquished Creatures
  3 two-headed ogres
  Pikel (D:4)
  Maurice (D:9)
  Maggie (D:9)
  A gargoyle (D:9)
  3 trolls
  A hornet (D:9)
  Grinder (D:5)
  3 yaks (D:9)
  2 steam dragons
  2 vampire mosquitoes (D:10)
  A water moccasin (D:7)
  3 ice beasts
  A hornet zombie (D:9)
  4 black bears
  A necrophage (D:8)
  3 orc warriors (D:8)
  A sky beast (D:6)
  4 centaurs
  An ogre (D:7)
  4 lemures
  A phantom (D:4)
  3 kobold brigands
  Blork the orc (D:5)
  3 bullfrogs
  2 scorpions (D:8)
  A gnoll sergeant (D:9)
  A wyvern skeleton (D:6)
  4 wights
  8 killer bees
  6 howler monkeys
  3 centaur zombies
  2 bullfrog zombies (D:5)
  A centaur skeleton (D:5)
  4 orc priests
  A gnoll shaman (D:9)
  3 hounds
  An iguana (D:7)
  8 orc wizards
  8 mummies (Ossuary)
  A howler monkey skeleton (D:6)
  11 gnolls
  6 adders
  A white imp (D:6)
  An ufetubus (D:5)
  An adder skeleton (D:3)
  2 worms
  A dart slug (D:5)
  22 orcs
  11 endoplasms
  5 giant cockroaches
  9 goblins
  5 hobgoblins
  2 jackals (D:1)
  2 quokkas
  3 ball pythons
  A bat (D:2)
  3 frilled lizards
  3 hobgoblin zombies (Ossuary)
  18 kobolds
  A kobold zombie (Ossuary)
  4 orc zombies (Ossuary)
  16 rats
232 creatures vanquished.

Vanquished Creatures (others)
  11 fungi (D:8)
  12 plants (D:8)
23 creatures vanquished.

Grand Total: 255 creatures vanquished

Notes
Turn   | Place    | Note
-------+----------+-------------------------------------------
     0 | D:1      | hawla the Felid Earth Elementalist began the quest for the
                  | Orb.
     0 | D:1      | Reached XP level 1. HP: 7/7 MP: 4/4
   155 | D:1      | Found a faded altar of an unknown god.
   176 | D:1      | Reached XP level 2. HP: 11/11 MP: 4/6
   418 | D:1      | Reached XP level 3. HP: 14/14 MP: 2/7
   742 | D:2      | Learned a level 3 spell: Stone Arrow
  1636 | D:2      | Reached XP level 4. HP: 15/18 MP: 3/8
  1994 | D:3      | Reached skill level 1 in Conjurations
  3534 | D:4      | Noticed a lemure
  3552 | D:4      | Noticed a lemure
  3552 | D:4      | Noticed Pikel
  3552 | D:4      | Noticed a lemure
  3554 | D:4      | Noticed a lemure
  3565 | D:5      | Entered Level 5 of the Dungeon
  3569 | D:5      | Killed a lemure
  3655 | D:5      | Reached XP level 5. HP: 21/21 MP: 7/9
  4504 | D:4      | Noticed a phantom
  4748 | D:4      | Killed a lemure
  4784 | D:4      | You fall into a shaft and drop 1 floor!
  4892 | D:5      | Reached skill level 2 in Conjurations
  5063 | D:5      | Noticed Blork the orc
  5068 | D:5      | Killed Blork the orc
  5069 | D:5      | Reached skill level 5 in Earth Magic
  5161 | D:5      | Gained mutation: You are covered in thick fur. (AC +2)
                  | [Felid growth]
  5161 | D:5      | Reached XP level 6. HP: 24/24 MP: 5/10
  5698 | D:5      | Noticed a vampire
  5830 | D:4      | Reached skill level 3 in Conjurations
  6462 | D:5      | Reached XP level 7. HP: 27/27 MP: 4/11
  6542 | D:5      | Identified the +10 hunting sling of Opnob {flame, MP+9
                  | Dex+4}
  6878 | D:5      | Noticed Grinder
  6882 | D:5      | Paralysed by Grinder for 2 turns
  6891 | D:5      | Killed Grinder
  6892 | D:5      | Reached skill level 1 in Fighting
  7004 | D:4      | Killed Pikel
  7005 | D:4      | Reached XP level 8. HP: 23/33 MP: 0/15
  7221 | D:5      | Slain by a vampire
  7222 | D:5      | Reached XP level 7. HP: -3/30 MP: 9/14
  7341 | D:5      | Learned a level 5 spell: Fireball
  7511 | D:6      | Found an iron altar of Okawaru.
  7522 | D:6      | Reached skill level 4 in Conjurations
  7522 | D:6      | Reached skill level 1 in Fire Magic
  8121 | D:6      | Reached XP level 8. HP: 33/33 MP: 2/15
  8342 | D:6      | Found a blossoming altar of Fedhas.
  8377 | D:6      | Found a burning altar of Makhleb.
  8893 | D:6      | Found a glowing golden altar of the Shining One.
  8961 | D:7      | Identified a scroll of acquirement
  8961 | D:7      | Acquired a book of Iron
  8988 | D:7      | Reached skill level 5 in Conjurations
  9116 | D:7      | Noticed a troll
  9119 | D:7      | Killed a troll
  9598 | D:7      | Reached skill level 6 in Conjurations
 10270 | D:7      | Found a staircase to the Ecumenical Temple.
 10684 | Temple   | Entered the Ecumenical Temple
 10856 | Temple   | Became a worshipper of Vehumet
 10922 | D:8      | Noticed a two-headed ogre
 10927 | D:8      | Reached XP level 9. HP: 36/36 MP: 6/16
 11068 | D:8      | Slain by a killer bee
 11069 | D:8      | Reached XP level 8. HP: -2/33 MP: 12/15
 11076 | D:8      | Reached skill level 7 in Conjurations
 11076 | D:8      | Reached skill level 5 in Fire Magic
 11140 | D:8      | Found a sand-covered staircase.
 11181 | Ossuary  | Entered an ossuary
 12160 | D:8      | Found a runed translucent door.
 12376 | D:8      | Found a shimmering altar of Xom.
 12376 | D:8      | Noticed MortyMaxwell's ghost (journeyman DjVM)
 12377 | D:8      | Noticed a +0 whip of chaos
 12387 | D:8      | Killed a two-headed ogre
 12388 | D:8      | Reached skill level 8 in Conjurations
 12388 | D:8      | Reached XP level 9. HP: 36/36 MP: 3/16
 12788 | D:8      | Learned a level 3 spell: Vampiric Draining
 12859 | D:8      | Found a staircase to the Lair.
 12877 | D:8      | Reached * piety under Vehumet
 12877 | D:8      | Offered knowledge of Shock by Vehumet.
 13067 | D:8      | Reached skill level 9 in Conjurations
 13605 | D:10     | Entered Level 10 of the Dungeon
 13781 | D:10     | Noticed a troll
 13898 | D:9      | Noticed Maggie
 13906 | D:9      | Killed Maggie
 14698 | D:9      | Reached XP level 10. HP: 42/42 MP: 6/18
 14794 | D:9      | Reached skill level 1 in Necromancy
 14796 | D:9      | Noticed a gargoyle
 14813 | D:9      | Reached skill level 5 in Spellcasting
 15720 | D:9      | Noticed Maurice
 16320 | D:9      | Killed a gargoyle
 16847 | D:9      | Noticed Joseph
 17434 | D:9      | Learned a level 6 spell: Iron Shot
 17519 | D:9      | HP: 2/42 [Maurice/bolt (18)]
 17777 | D:9      | Killed Maurice
 18137 | D:10     | Noticed a two-headed ogre
 18145 | D:10     | Killed a two-headed ogre
 18326 | D:10     | Noticed a two-headed ogre
 18333 | D:10     | Killed a two-headed ogre
 18723 | D:10     | Mangled by a slime creature
 18724 | D:10     | Reached XP level 9. HP: -10/39 MP: 19/19
 18964 | D:10     | Reached XP level 10. HP: 42/42 MP: 8/20
 18964 | D:10     | Reached ** piety under Vehumet
 19066 | D:10     | Offered knowledge of Static Discharge by Vehumet.
 19067 | D:10     | Reached skill level 10 in Conjurations
 19599 | D:11     | Noticed a boulder beetle
 19629 | D:11     | Demolished by a boulder beetle

Illustrated notes

Levels and vault maps discovered:
D:1:      minmay_arrival_radiant_lines, layout_rooms,
          shapermc_ecumenical_altar_acropolis
D:2:      layout_loops_ring
D:3:      layout_basic, serial_co_window_serial, co_window_corner_a,
          co_window_paths_a, co_window_corner_a, co_window_of_opportunity_a,
          co_window_paths_b, co_window_cross_2, co_window_cross_4,
          co_window_unsneaky_path_b, co_window_paths_d
D:4:      nicolae_cairo_tiling, layout_basic, uniq_pikel
D:5:      layout_loops_ring, corexii_mini_fake_secret_closet, uniq_grinder,
          uniq_blork_the_orc
D:6:      kennysheep_spiral_hall, layout_rooms,
          nicolae_overflow_quartered_altars, portal_sewer_entry_e
D:7:      layout_loops_ring, lemuel_temple_firewalk_a
D:8:      layout_basic, grunt_lair_entry_orc_guard_hut,
          lightli_ossuary_entry_decrepit_ruins, ebering_ghost_xom, st_stairs_9,
          eino_small_chamber_without_monster, bh_walls_and_bars
D:9:      minmay_spotlight, layout_irregular_city, grunt_decor_mini_mirrors,
          uniq_maggie, uniq_maurice, uniq_joseph
D:10:     layout_stronghold, minmay_liquid_box
D:11:     layout_basic, nicolae_trove_entry_columns, fungi_pond_lemuel
Temple:   regret_index_temple_mists

Skill      XL: |  1  2  3  4  5  6  7  8  9 10 |
---------------+-------------------------------+-----
Earth Magic    | 3 4 5 6 7 8 |  8.1
Dodging        | 3 |  3.7
Conjurations   | 1 2 3 4 8 9 10 | 10.0
Fighting       | 2 3 4 |  4.1
Stealth        | 3 4 |  4.2
Spellcasting   | 4 6 |  6.1
Fire Magic     | 3 5 6 |  6.0
Necromancy     | 2 |  2.3
Unarmed Combat | |  0.4
Transmutations | |  1.1

Action                   |  1- 3 |  4- 6 |  7- 9 | 10-12 || total
-------------------------+-------+-------+-------+-------++-------
Melee: Unarmed           |    29 |    21 |    45 |     4 ||    99
       Bite              |     5 |     1 |     2 |       ||     8
       Punch             |       |     1 |       |       ||     1
 Cast: Sandblast         |    36 |    62 |    78 |    13 ||   189
       Stone Arrow       |     9 |    40 |   125 |    70 ||   244
       Fireball          |       |       |    13 |     5 ||    18
       Vampiric Draining |       |       |       |    11 ||    11
       Iron Shot         |       |       |       |     4 ||     4
  Use: Scroll            |     1 |     5 |    12 |     9 ||    27
       Potion            |       |       |     6 |     5 ||    11
 Stab: Sleeping          |     1 |     1 |     1 |       ||     3
       Invisible         |       |       |     6 |       ||     6
Armor: Skin              |       |     2 |    27 |     7 ||    36
Dodge: Dodged            |    25 |    40 |   100 |    67 ||   232
